 Dungeon Crawl Stone Soup version 0.22-a0-803-gd6d8abeff0 (webtiles) character file.

3955 Bergy the Basher (level 10, -5/83 HPs)
             Began as a Hill Orc Fighter on July 22, 2018.
             Was an Elder of the Shining One.
             Killed from afar by an orc (14 damage)
             ... with an exploding inner flame
             ... hexed by the player character
             ... in a bailey.
             The game lasted 00:41:44 (9219 turns).

Bergy the Basher (Hill Orc Fighter)                 Turns: 9219, Time: 00:41:44

Health: -5/83      AC: 11    Str: 23    XL:     10   Next: 21%
Magic:  10/10      EV:  6    Int: 12    God:    the Shining One [****..]
Gold:   429        SH: 11    Dex: 10    Spells: 9/9 levels left

rFire    . . .     SeeInvis .   r - +3 morningstar (freeze)
rCold    . . .     Gourm    .   c - +1 shield
rNeg     + + +     Faith    .   m - +0 chain mail
rPois    .         Spirit   .   (no helmet)
rElec    .         Reflect  .   (no cloak)
rCorr    .         Harm     .   (no gloves)
MR       .....     Rnd*Rage +   p - +0 pair of boots
Stlth    ..........             (no amulet)
HPRegen  0.23/turn              H - +2 ring of intelligence
MPRegen  0.12/turn              z - ring of positive energy

@: glowing
A: berserk 1, clever 1, mutation resistance 1
a: Divine Shield, Cleansing Flame, Renounce Religion


You were in a bailey.
You worshipped the Shining One.
The Shining One was greatly pleased with you.
You were not hungry.

You visited 1 branch of the dungeon, and saw 8 of its levels.
You also visited: Ossuary and Bailey.

You collected 429 gold pieces.

Inventory:

Hand Weapons
 r - a +3 morningstar of freezing (weapon)
Armour
 c - a +1 shield (worn)
 m - a +0 chain mail (worn)
 p - a +0 pair of boots (worn)
Jewellery
 z - a ring of positive energy (right hand)
 H - a +2 ring of intelligence (left hand)
Wands
 a - a wand of digging (11)
 y - a wand of iceblast (13)
 E - a wand of paralysis (7)
Scrolls
 b - a scroll of noise {unknown}
 j - a scroll of immolation
 k - 4 scrolls of enchant armour
 l - a scroll of blinking {unknown}
 t - a scroll of fog {unknown}
 u - a scroll of enchant weapon
 v - 2 scrolls of amnesia {unknown}
 A - 7 scrolls of identify
 D - 2 scrolls of magic mapping
 F - a scroll of silence {unknown}
 G - 3 scrolls of remove curse
 J - a scroll of fear {unknown}
 K - a scroll of teleportation {unknown}
Potions
 d - 3 potions of might
 e - 3 potions of ambrosia {unknown}
 g - 2 potions of lignification {unknown}
 h - 6 potions of curing
 i - a potion of mutation
 n - a potion of magic {unknown}
 o - a potion of berserk rage {unknown}
 q - 2 potions of flight {unknown}
 s - 2 potions of agility {unknown}
 w - 2 potions of brilliance {unknown}
 x - 2 potions of cancellation {unknown}
 B - 2 potions of degeneration {unknown}
 C - 3 potions of haste {unknown}
Comestibles
 f - 10 rations


   Skills:
 + Level 5.7 Fighting
 + Level 10.2 Maces & Flails
   Level 9.3 Polearms
 + Level 5.6 Armour
 - Level 0.3 Dodging
 - Level 0.2 Stealth
 + Level 5.7 Shields


You had 9 spell levels left.
You didn't know any spells.
Your spell library contained the following spells:

 Spells                   Type           Power        Failure   Level  Hunger
 Bolt of Magma            Conj/Fire/Erth #.........   100%        5    ######.
 Venom Bolt               Conj/Pois      #.........   100%        5    ######.
 Iron Shot                Conj/Erth      #.........   100%        6    #######
 Orb of Destruction       Conj           #.........   100%        7    #######
 Iskenderun's Battlesphe  Conj/Chrm      #.......     100%        5    ######.
 Spellforged Servitor     Conj/Summ      #.........   100%        7    #######


Dungeon Overview and Level Annotations

Branches:
Dungeon (8/15)             Temple (0/1) D:6
   Lair: D:8-11

Altars:
Ashenzari
Dithmenos
Kikubaaqudgha
Sif Muna
Trog
Uskayaw
Yredelemnul
The Shining One

Annotations:
D:6 3 runed doors, splatterpode's ghost, novice OpBe


Innate Abilities, Weirdness & Mutations

You tend to lose your temper in combat.
Your mind is acute. (Int +2)
You are somewhat resistant to further mutation.


Message History

The orc knight explodes!
Your Maces & Flails skill increases to level 10!
The fiery explosion engulfs the orc warrior.
The orc warrior is heavily wounded.
The fiery explosion engulfs you!
The fiery explosion engulfs the orc warrior.
The orc warrior explodes!
The fiery explosion engulfs the hobgoblin.
The hobgoblin explodes!
You hear an explosion!
You feel a bit more experienced. The fiery explosion engulfs you!
You are engulfed in blazing flames.
* * * LOW HITPOINT WARNING * * *
You hear a shout! x7
You start resting.
The orc is too close now for your liking.
You hit the orc. You freeze the orc.
The orc explodes!
The fiery explosion engulfs you!
You die...

*+****,,,,,,,,,,,####)##
,,,,,**,,,,,,,,,##..)))##
,,,,,,*,,,,,,,,,#.......#
,,,,,,**,,,,,,,##.......##
,,,,,,,*,,,,,,,#.........#
,,,,,,,***,,,*##.........#*
,,⌠,,,,,*##+**#.....⌠.....#
,,,,,,,**88.88##.........##
,,,,,,,*,.....,#@§.......#
,,,,,,**,..)...##§§.....##
,,,,,,+,,...))))'.§.....#
,,,,,**,,....).)##.....##
******,,,..⌠...o,#######
**,,...%o..** *,,.......*
**,......#* *,!...??*


There were no monsters in sight!

Vanquished Creatures
  Pikel (D:8)
  An orc knight (Bailey)
  Eustachio (D:5)
  6 orc warriors
  A sky beast (D:6)
  An ice beast (D:7)
  An ogre (D:7)
  Blork the orc (D:5)
  2 bullfrogs
  A gnoll sergeant (D:6)
  A scorpion (D:5)
  4 wights
  A howler monkey (D:7)
  A crimson imp (D:6)
  2 quasits
  3 centaur zombies
  5 bullfrog zombies
  4 hounds
  2 bullfrog skeletons (D:4)
  A centaur skeleton (D:8)
  An orc priest (D:6)
  Crazy Yiuf (D:2)
  A jelly (D:5)
  7 orc wizards
  An iguana (D:5)
  2 worker ants
  A killer bee zombie (Ossuary)
  A hound zombie (Ossuary)
  16 mummies (Ossuary)
  4 worker ant zombies
  10 adders
  10 gnolls
  A shadow imp (D:5)
  An ooze (D:4)
  2 adder zombies (Ossuary)
  2 dart slugs
  4 leopard geckos
  22 orcs
  2 giant cockroaches
  17 goblins
  18 hobgoblins
  5 jackals
  6 quokkas
  A ball python (D:2)
  3 bats
  4 frilled lizards
  A giant cockroach zombie (D:6)
  4 jackal zombies
  7 kobolds
  A leopard gecko zombie (Ossuary)
  A quokka zombie (D:3)
  4 rats
  3 withered plants (Ossuary)
204 creatures vanquished.

Vanquished Creatures (others)
  An orc (D:6)
  3 withered plants (Ossuary)
4 creatures vanquished.

Grand Total: 208 creatures vanquished

Notes
Turn   | Place    | Note
-------+----------+-------------------------------------------
     0 | D:1      | Bergy the Hill Orc Fighter began the quest for the Orb.
     0 | D:1      | Reached XP level 1. HP: 19/19 MP: 1/1
   496 | D:1      | Reached XP level 2. HP: 18/27 MP: 2/2
  1237 | D:2      | Reached XP level 3. HP: 33/33 MP: 3/3
  1288 | D:2      | Found a runed door.
  1701 | D:2      | Reached XP level 4. HP: 30/40 MP: 4/4
  1986 | D:2      | Noticed Crazy Yiuf
  1995 | D:2      | Killed Crazy Yiuf
  2201 | D:3      | Reached skill level 5 in Polearms
  2519 | D:3      | Found a hide-covered altar of Uskayaw.
  2529 | D:3      | Reached XP level 5. HP: 45/46 MP: 5/5
  3186 | D:4      | Reached XP level 6. HP: 44/52 MP: 6/6
  3421 | D:4      | Found a glowing golden altar of the Shining One.
  3583 | D:4      | Became a worshipper of the Shining One
  4266 | D:5      | Entered Level 5 of the Dungeon
  4280 | D:5      | Reached XP level 7. HP: 47/58 MP: 7/7
  4564 | D:5      | Noticed Eustachio
  4771 | D:6      | Gained mutation: You tend to lose your temper in combat. [potion of mutation]
  4771 | D:6      | Gained mutation: You are somewhat resistant to further mutation. [potion of mutation]
  4771 | D:6      | Gained mutation: Your mind is acute. (Int +2) [potion of mutation]
  5281 | D:6      | Reached * piety under the Shining One
  5327 | D:6      | Reached XP level 8. HP: 66/66 MP: 8/8
  5400 | D:6      | Found a runed gate.
  5400 | D:6      | Found a runed gate.
  5400 | D:6      | Found a runed gate.
  5400 | D:6      | Noticed splatterpode's ghost (novice OpBe)
  5880 | D:5      | Reached skill level 1 in Maces & Flails
  5937 | D:5      | Found a shadowy altar of Dithmenos.
  5952 | D:5      | Reached skill level 2 in Maces & Flails
  6174 | D:5      | Killed Eustachio
  6174 | D:5      | Reached skill level 3 in Maces & Flails
  6211 | D:5      | Found a deep blue altar of Sif Muna.
  6212 | D:5      | Found a basalt altar of Yredelemnul.
  6267 | D:5      | Reached skill level 4 in Maces & Flails
  6322 | D:5      | Noticed Blork the orc
  6335 | D:5      | Killed Blork the orc
  6725 | D:6      | Reached skill level 5 in Maces & Flails
  6933 | D:6      | Reached skill level 6 in Maces & Flails
  6938 | D:6      | Reached XP level 9. HP: 55/71 MP: 9/9
  7153 | D:6      | Found a staircase to the Ecumenical Temple.
  7210 | D:7      | Found a sand-covered staircase.
  7243 | Ossuary  | Entered an ossuary
  7249 | Ossuary  | Reached ** piety under the Shining One
  7280 | Ossuary  | Reached skill level 7 in Maces & Flails
  7373 | Ossuary  | Reached *** piety under the Shining One
  7482 | Ossuary  | Reached skill level 8 in Maces & Flails
  7575 | Ossuary  | Reached **** piety under the Shining One
  8217 | D:7      | Found a bloodstained altar of Trog.
  8217 | D:7      | Found an ancient bone altar of Kikubaaqudgha.
  8218 | D:7      | Found a shattered altar of Ashenzari.
  8548 | D:8      | Noticed Pikel
  8554 | D:8      | Reached skill level 9 in Maces & Flails
  8558 | D:8      | Killed Pikel
  8558 | D:8      | Reached skill level 5 in Fighting
  8558 | D:8      | Reached skill level 5 in Armour
  8709 | D:8      | Found a flagged portal.
  8719 | Bailey   | Entered a bailey
  8825 | Bailey   | Reached skill level 5 in Shields
  8838 | Bailey   | Reached XP level 10. HP: 21/81 MP: 7/10
  9208 | Bailey   | Noticed an orc knight
  9211 | Bailey   | Killed an orc knight
  9211 | Bailey   | Reached skill level 10 in Maces & Flails
  9219 | Bailey   | Killed from afar by an orc

Vault maps used:
D:1:      onia_arrival_mini_maze
D:2:      first_ration, uniq_crazy_yiuf_cottage
D:3:      eat_drink_and_be_merry_uskayaw
D:4:      overflow_temple_1_default, minmay_crossroads
D:5:      grunt_temple_overflow_open, uniq_eustachio, uniq_blork_the_orc
D:6:      lemuel_temple_firewalk_b, ebering_ghost_rock_garden
D:7:      gammafunk_temple_overflow_claw, nicolae_ossuary_entry_false_entrances
D:8:      nicolae_gozag_seed_capital, enter_bailey_2, hangedman_ranch,
          nicolae_ru_path_of_blood, uniq_psyche, uniq_pikel
Ossuary:  ossuary_zaba_flooded
Bailey:   bailey_axe_minmay_hex_keep, bailey

Skill      XL: |  1  2  3  4  5  6  7  8  9 10 |
---------------+-------------------------------+-----
Polearms       | 3 4 5 6 7 9 |  9.3
Fighting       | 4 5 |  5.7
Shields        | 4 5 |  5.7
Armour         | 4 5 |  5.6
Maces & Flails | 6 9 10 | 10.2
Dodging        | |  0.3
Stealth        | |  0.2

Action                   |  1- 3 |  4- 6 |  7- 9 | 10-12 || total
-------------------------+-------+-------+-------+-------++-------
Melee: Trident           |   141 |   186 |   122 |       ||   449
       Morningstar       |       |       |   283 |    25 ||   308
Invok: Divine Shield     |       |       |     1 |       ||     1
Evoke: Wand              |       |       |     1 |       ||     1
  Use: Scroll            |       |       |     9 |     1 ||    10
       Potion            |       |       |     7 |       ||     7
  Eat: Chunk             |     3 |     7 |     2 |       ||    12
       Ration            |       |       |     4 |     1 ||     5
Armor: Scale mail        |    10 |       |       |       ||    10
       Chain mail        |    57 |    84 |   197 |    12 ||   350
Dodge: Dodged            |    44 |    32 |    76 |    13 ||   165
Block: Shield            |    87 |    66 |   208 |    19 ||   380

Table legend:
 A = Spawn XP
 B = Non-spawn XP
 C = Spawn XP percentage of total XP
 D = Spawn monster count
 E = Non-spawn monster count
 F = Spawn count percentage of total count
 G = Total turns spent on level
                    A         B        C        D         E        F      G
               +---------+---------+-------+---------+---------+-------+---------
         Total |       0 |    5651 |   0.0 |       0 |     201 |   0.0 |  9219
               +---------+---------+-------+---------+---------+-------+---------
           D:1 |       0 |      22 |   0.0 |       0 |      12 |   0.0 |  1057
           D:2 |       0 |     110 |   0.0 |       0 |      21 |   0.0 |  1133
           D:3 |       0 |      99 |   0.0 |       0 |      18 |   0.0 |   791
           D:4 |       0 |     353 |   0.0 |       0 |      18 |   0.0 |  1426
           D:5 |       0 |     834 |   0.0 |       0 |      24 |   0.0 |  1234
           D:6 |       0 |     937 |   0.0 |       0 |      22 |   0.0 |  1564
           D:7 |       0 |     527 |   0.0 |       0 |      15 |   0.0 |   854
           D:8 |       0 |     771 |   0.0 |       0 |       5 |   0.0 |   171
       Ossuary |       0 |     755 |   0.0 |       0 |      33 |   0.0 |   489
        Bailey |       0 |    1243 |   0.0 |       0 |      33 |   0.0 |   500
               +---------+---------+-------+---------+---------+-------+---------
